 Dungeon Crawl Stone Soup version 0.26.0-16-gc1dbca0489 (webtiles) character file.

Game seed: 3690960968857587968

828 EnegeticOcto the Stinger (level 7, -10/51 HPs)
             Began as a Gnoll Venom Mage on Jan 20, 2021.
             Was a Follower of Cheibriados.
             Mangled by a gargoyle
             ... wielding a +0 morningstar
              (13 damage)
             ... on level 9 of the Dungeon.
             The game lasted 00:14:36 (1750 turns).

EnegeticOcto the Stinger (Gnoll Venom Mage)         Turns: 1750, Time: 00:14:37

Health: -10/51     AC:  2    Str: 10 (12) XL:     7   Next: 97%
Magic:  1/15       EV: 18    Int: 17 (19) God:    Cheibriados [*.....]
Gold:   180        SH:  0    Dex: 19 (20) Spells: 0/17 levels left

rFire    + . .     SeeInvis .   y - +0 great sword
rCold    . . .     Faith    .   (shield currently unavailable)
rNeg     . . .     Spirit   .   a - +0 robe
rPois    +         Reflect  .   (no helmet)
rElec    .         Harm     .   (no cloak)
rCorr    .         Rampage  .   (no gloves)
Will     .....                  (no boots)
Stlth    +++.......             (no amulet)
HPRegen  0.17/turn              r - ring of protection from fire
MPRegen  0.14/turn              A - ring of poison resistance

@: very slow
A: distributed training, fangs 1, repulsion field 1, agile 1, dopey 1, strong
nose
a: Renounce Religion, Bend Time


You were on level 9 of the Dungeon.
You worshipped Cheibriados.
Cheibriados was aware of your devotion.
You visited 2 branches of the dungeon, and saw 10 of its levels.

You collected 180 gold pieces.

Inventory:

Hand Weapons
 g - a +0 spear
   (You took it off a gnoll on level 2 of the Dungeon)
 o - a +3 flail of freezing
   (You took it off a wight on level 4 of the Dungeon)
 p - a cursed +0 dagger
   (You found it on level 5 of the Dungeon)
 s - the +0 whip of Certain Death {venom, rC- Int+4}
   (You found it on level 5 of the Dungeon)

   It poisons the flesh of those it strikes.
   It affects your intelligence (+4).
   It makes you vulnerable to cold.
 y - a +0 great sword (weapon)
   (You found it on level 8 of the Dungeon)
Missiles
 B - a throwing net {!f}
Armour
 a - a +0 robe (worn)
 f - a +0 buckler
   (You found it on level 2 of the Dungeon)
 l - a +3 scale mail of cold resistance
   (You took it off Terence on level 3 of the Dungeon)
Magical Staves
 i - an uncursed staff of air
   (You found it on level 3 of the Dungeon)
Jewellery
 c - an uncursed ring of protection from cold
   (You found it on level 1 of the Dungeon)
 n - an uncursed ring of see invisible
   (You found it on level 4 of the Dungeon)
 r - a ring of protection from fire (left hand)
   (You found it on level 5 of the Dungeon)
 v - an uncursed ring of resist corrosion
   (You found it on level 6 of the Dungeon)
 A - a ring of poison resistance (right hand)
   (You found it on level 9 of the Dungeon)
Wands
 m - a wand of random effects (7)
   (You took it off Terence on level 3 of the Dungeon)
Scrolls
 d - 4 scrolls of identify {@r1}
 e - a scroll of remove curse {@r2}
 t - a scroll of magic mapping {@r5 !r}
 x - a scroll of torment
Potions
 b - 4 potions of attraction
 w - 2 potions of brilliance
 z - a potion of ambrosia {unknown}


   Skills:
 + Level 2.8 Fighting
 + Level 2.8 Short Blades
 + Level 2.8 Long Blades
 + Level 2.8 Axes
 + Level 2.8 Maces & Flails
 + Level 2.8 Polearms
 + Level 2.8 Staves
 + Level 2.8 Slings
 + Level 2.8 Bows
 + Level 2.8 Crossbows
 + Level 2.8 Throwing
 + Level 2.8 Armour
 + Level 5.4 Dodging
 + Level 5.1 Stealth
 + Level 2.8 Shields
 + Level 2.8 Unarmed Combat
 + Level 5.8 Spellcasting
 + Level 2.3 Conjurations
 + Level 2.3 Hexes
 + Level 2.3 Summonings
 + Level 2.3 Necromancy
 + Level 2.3 Translocations
 + Level 3.2 Transmutations
 + Level 2.3 Fire Magic
 + Level 2.3 Ice Magic
 + Level 2.3 Air Magic
 + Level 2.3 Earth Magic
 + Level 5.9 Poison Magic
 + Level 3.1 Invocations
 + Level 2.8 Evocations


You couldn't memorise any spells.
You knew the following spells:

 Your Spells              Type           Power        Failure   Level
a - Apportation           Tloc           24%          4%          1
b - Poisonous Vapours     Pois/Air       38%          3%          2
c - Mephitic Cloud        Conj/Pois/Air  16%          10%         3
d - Ignite Poison         Fire/Tmut/Pois 17%          9%          3
e - Olgreb's Toxic Radia  Pois           25%          11%         4
f - Summon Ice Beast      Ice/Summ       12%          45%         4

Your spell library contained the following spells:

 Spells                   Type           Power        Failure   Level
 Sting                    Tmut/Pois      80%          1%          1
 Animate Skeleton         Necr           24%          4%          1
 Corona                   Hex            13%          4%          1
 Summon Small Mammal      Summ           48%          4%          1
 Call Imp                 Summ           12%          8%          2
 Call Canine Familiar     Summ           12%          16%         3
 Summon Guardian Golem    Hex/Summ       12%          16%         3
 Summon Lightning Spire   Summ/Air       12%          45%         4


Dungeon Overview and Level Annotations

Branches:
Dungeon (9/15)             Temple (1/1) D:4
   Lair: D:8-11         Orc: D:9-12

Altars:
Cheibriados
Kikubaaqudgha
Nemelex Xobeh
Okawaru
Ru
Sif Muna
Vehumet
Wu Jian
Xom
Yredelemnul
Zin


Innate Abilities, Weirdness & Mutations

Your experience applies equally to all skills.
You have very sharp teeth.
Your uncanny sense of smell can sniff out nearby items.
You are surrounded by a mild repulsion field. (EV +2)
You are agile. (Dex +2)
You are dopey. (Int -2)


Message History

A - a ring of poison resistance (right hand)
B - a throwing net {!f} A shadow imp comes into view.
The shadow imp shouts!
You hear an angry hiss.
Found a spear.
A worker ant comes into view.
A howler monkey comes into view.
An orc comes into view.
The shadow imp gestures at you.
You struggle to resist.
A wyvern comes into view.
A gargoyle comes into view. It is wielding a +0 morningstar.
Casting: Apportation (safe; 4% risk of failure)
Confirm with . or Enter, or press ? or * to list all spells.
You begin to radiate toxic energy.
The wyvern is poisoned.
The orc is poisoned.
The orc looks even sicker.
You kill the orc!
Cheibriados thoroughly appreciates the change of pace.
The worker ant is poisoned.
The howler monkey is poisoned.
Your toxic aura wanes.
The shadow imp closely misses you.
Casting: Olgreb's Toxic Radiance (dangerous; 10% risk of failure)
Confirm with . or Enter, or press ? or * to list all spells.
You miscast Olgreb's Toxic Radiance.
You are very lightly contaminated with residual magic.
Nothing appears to happen.
The shadow imp hits you. The wyvern bites you!!
Casting: Olgreb's Toxic Radiance (dangerous; 10% risk of failure)
Confirm with . or Enter, or press ? or * to list all spells.
You begin to radiate toxic energy.
The wyvern looks even sicker.
The worker ant looks even sicker.
The howler monkey looks even sicker.
The wyvern closely misses you. The shadow imp closely misses you.
The wyvern closely misses you.
Casting: Olgreb's Toxic Radiance (dangerous; 10% risk of failure)
Confirm with . or Enter, or press ? or * to list all spells.
You miscast Ignite Poison.
Nothing appears to happen.
The wyvern looks even sicker.
The worker ant looks even sicker.
Your toxic aura wanes.
The shadow imp hits you but does no damage.
The wyvern bites you!
* * * LOW HITPOINT WARNING * * *
Okay, then.
Really quaff
q - a potion of heal wounds {@q2 !q}?
You feel much better.
You kill the worker ant!
Cheibriados appreciates the change of pace.
The wyvern barely misses you.
The shadow imp hits you but does no damage.
The howler monkey hoots and howls with incredible vigour!
The wyvern bites you!!
You hear an angry growl.
You hear a shout!
You hear a croak.
Okay, then.
Okay, then.
It was a potion of flight.
You feel very buoyant.
You fly up into the air.
The shadow imp puffs mist at you. The shadow imp gestures at you.
You struggle to resist.
The wyvern closely misses you.
It was a potion of degeneration.
There was something very wrong with that liquid.
You feel weakened.
You feel dopey.
You feel clumsy. The wyvern closely misses you.
You riposte.
You closely miss the wyvern.
The wyvern is moderately wounded.
A bullfrog skeleton comes into view.
The shadow imp barely misses you. The wyvern bites you!
* * * LOW HITPOINT WARNING * * *
It was a potion of cancellation.
Your magical effects are unravelling.
You feel magically purged.
Your magical contamination has completely faded away.
You float gracefully downwards.
The shadow imp barely misses you.
You riposte.
You hit the shadow imp.
The shadow imp is lightly wounded.
The wyvern bites you!
* * * LOW HITPOINT WARNING * * *
Really quaff
h - 2 potions of curing {@q1 !q}?
You feel better. The wyvern bites you!
* * * LOW HITPOINT WARNING * * *
The shadow imp completely misses you.
You riposte.
You barely miss the shadow imp.
The shadow imp is lightly wounded.
An ogre comes into view. It is wielding a +0 giant spiked club.
The wyvern completely misses you.
You riposte.
The ogre shouts!
You hit the wyvern.
The wyvern is heavily wounded.
Really quaff
h - a potion of curing {@q1 !q}?
You feel better.
The howler monkey looks more healthy.
The shadow imp barely misses you.
You riposte.
You slash the shadow imp!
You kill the shadow imp!
Cheibriados appreciates the change of pace.
The wyvern bites you!
* * * LOW HITPOINT WARNING * * *
Okay, then.
You barely miss the wyvern.
The wyvern is heavily wounded.
The wyvern barely misses you.
You riposte.
You hit the wyvern but do no damage.
The wyvern is severely wounded.
The gargoyle hits you with a +0 morningstar!
You die...

#..............
......
#..............
.... ∆
#..........####
##.
#..........#
#........### ∆∆
#####....# ∆
#..### #..#
#@.# #l9#
#hO.Z# ∆ #....#
∆ #..##.. #..#
.[# .).# #..
...# .. ....


You could see a wyvern (very poisoned), a gargoyle, an ogre, a howler monkey and
a bullfrog skeleton.

Vanquished Creatures
  2 centaurs
  A bullfrog (D:6)
  2 wights (D:4)
  2 hounds
  2 bullfrog skeletons
  A centaur skeleton (D:5)
  A jelly (D:7)
  An iguana (D:7)
  Terence (D:3)
  5 worker ants
  A worker ant zombie (D:6)
  7 gnolls
  3 adders
  2 shadow imps
  2 ufetubi (D:5)
  An ooze (D:2)
  An adder skeleton (D:6)
  2 leopard geckos
  5 orcs
  A ball python (D:3)
  2 giant cockroaches
  A goblin (D:3)
  2 hobgoblins (D:2)
  6 jackals
  3 quokkas
  A bat (D:1)
  A frilled lizard (D:1)
  2 rats
61 creatures vanquished.

Vanquished Creatures (others)
  3 plants (D:4)
3 creatures vanquished.

Grand Total: 64 creatures vanquished

Notes
Turn   | Place    | Note
-------+----------+-------------------------------------------
     0 | D:1      | EnegeticOcto the Gnoll Venom Mage began the quest for the
                  | Orb.
     0 | D:1      | Reached XP level 1. HP: 13/13 MP: 6/6
   145 | D:2      | Reached skill level 2 in Transmutations
   145 | D:2      | Reached XP level 2. HP: 20/20 MP: 4/7
   159 | D:2      | Reached skill level 5 in Spellcasting
   159 | D:2      | Reached XP level 3. HP: 16/25 MP: 4/9
   170 | D:2      | Reached skill level 1 in Invocations
   173 | D:2      | Learned a level 2 spell: Poisonous Vapours
   177 | D:2      | Learned a level 3 spell: Mephitic Cloud
   181 | D:2      | Learned a level 3 spell: Ignite Poison
   249 | D:3      | Reached skill level 1 in Fighting
   249 | D:3      | Reached skill level 1 in Short Blades
   249 | D:3      | Reached skill level 1 in Long Blades
   249 | D:3      | Reached skill level 1 in Axes
   249 | D:3      | Reached skill level 1 in Maces & Flails
   249 | D:3      | Reached skill level 1 in Polearms
   249 | D:3      | Reached skill level 1 in Staves
   249 | D:3      | Reached skill level 1 in Slings
   249 | D:3      | Reached skill level 1 in Bows
   249 | D:3      | Reached skill level 1 in Crossbows
   249 | D:3      | Reached skill level 1 in Throwing
   249 | D:3      | Reached skill level 1 in Armour
   249 | D:3      | Reached skill level 1 in Shields
   249 | D:3      | Reached skill level 1 in Unarmed Combat
   249 | D:3      | Reached skill level 1 in Evocations
   266 | D:3      | Noticed Terence
   273 | D:3      | Killed Terence
   274 | D:3      | Reached XP level 4. HP: 24/32 MP: 0/11
   311 | D:4      | Found a basalt altar of Yredelemnul.
   340 | D:4      | Reached skill level 1 in Conjurations
   340 | D:4      | Reached skill level 1 in Hexes
   340 | D:4      | Reached skill level 1 in Summonings
   340 | D:4      | Reached skill level 1 in Necromancy
   340 | D:4      | Reached skill level 1 in Translocations
   340 | D:4      | Reached skill level 1 in Fire Magic
   340 | D:4      | Reached skill level 1 in Ice Magic
   340 | D:4      | Reached skill level 1 in Air Magic
   340 | D:4      | Reached skill level 1 in Earth Magic
   340 | D:4      | Reached XP level 5. HP: 36/37 MP: 6/12
   363 | D:4      | HP: 1/37 [hound (1)]
   379 | D:4      | Noticed an ogre
   383 | D:5      | Entered Level 5 of the Dungeon
   384 | D:5      | HP: 1/37 [poisoned by an orc]
   395 | D:5      | Reached XP level 6. HP: 15/44 MP: 7/13
   402 | D:5      | Reached skill level 2 in Invocations
   409 | D:5      | Learned a level 4 spell: Olgreb's Toxic Radiance
   519 | D:5      | Reached skill level 2 in Fighting
   519 | D:5      | Reached skill level 2 in Short Blades
   519 | D:5      | Reached skill level 2 in Long Blades
   519 | D:5      | Reached skill level 2 in Axes
   519 | D:5      | Reached skill level 2 in Maces & Flails
   519 | D:5      | Reached skill level 2 in Polearms
   519 | D:5      | Reached skill level 2 in Staves
   519 | D:5      | Reached skill level 2 in Slings
   519 | D:5      | Reached skill level 2 in Bows
   519 | D:5      | Reached skill level 2 in Crossbows
   519 | D:5      | Reached skill level 2 in Throwing
   519 | D:5      | Reached skill level 2 in Armour
   519 | D:5      | Reached skill level 5 in Dodging
   519 | D:5      | Reached skill level 2 in Shields
   519 | D:5      | Reached skill level 2 in Unarmed Combat
   519 | D:5      | Reached skill level 2 in Evocations
   654 | D:5      | Found a glowing silver altar of Zin.
   780 | D:4      | Found a staircase to the Ecumenical Temple.
   786 | Temple   | Entered the Ecumenical Temple
   796 | Temple   | Became a worshipper of Cheibriados the Contemplative
   871 | D:5      | Got a transparent whip
   871 | D:5      | Identified the cursed +0 whip of Certain Death {venom, rC-
                  | Int+4} (You found it on level 5 of the Dungeon)
   917 | D:6      | Reached XP level 7. HP: 50/50 MP: 8/15
   940 | D:6      | Learned a level 1 spell: Apportation
  1161 | D:6      | Reached skill level 2 in Conjurations
  1161 | D:6      | Reached skill level 2 in Hexes
  1161 | D:6      | Reached skill level 2 in Summonings
  1161 | D:6      | Reached skill level 2 in Necromancy
  1161 | D:6      | Reached skill level 2 in Translocations
  1161 | D:6      | Reached skill level 2 in Fire Magic
  1161 | D:6      | Reached skill level 2 in Ice Magic
  1161 | D:6      | Reached skill level 2 in Air Magic
  1161 | D:6      | Reached skill level 2 in Earth Magic
  1389 | D:6      | Reached skill level 3 in Transmutations
  1439 | D:6      | Gained mutation: You are dopey. (Int -2) [potion of
                  | mutation]
  1439 | D:6      | Gained mutation: You are agile. (Dex +2) [potion of
                  | mutation]
  1439 | D:6      | Gained mutation: You are surrounded by a mild repulsion
                  | field. (EV +2) [potion of mutation]
  1513 | D:7      | Reached skill level 5 in Stealth
  1526 | D:7      | Learned a level 4 spell: Summon Ice Beast
  1551 | D:7      | Reached skill level 3 in Invocations
  1557 | D:7      | Reached * piety under Cheibriados
  1738 | D:9      | Noticed a wyvern
  1738 | D:9      | Noticed a gargoyle
  1750 | D:9      | Mangled by a gargoyle

Illustrated notes

Levels and vault maps discovered:
D:1:      eino_arrival_cavern_a, layout_basic, minmay_cut_off
D:2:      layout_rooms
D:3:      layout_loops_ring, chequers_ecumenical_altar_simple, st_stairs_11,
          uniq_terence
D:4:      layout_basic, kennysheep_mini, temple_green, serial_shops, shop,
          guppyfry_early_lair_pool
D:5:      layout_basic, marbit_many_paths, portal_sewer_entry_e, uniq_edmund
D:6:      layout_basic, lemuel_doored_altar
D:7:      layout_loops_ring, grunt_dithmenos_shadows,
          cheibrodos_ashenzari_chains, nicolae_island_escapes
D:8:      lemuel_castle_with_subvaults [lemuel_castle_interior_carwin_3],
          layout_basic, trog_eyes_of_draining, uniq_psyche, uniq_maggie,
          uniq_erica, uniq_maurice
D:9:      minmay_bloctagon, layout_irregular_city, lemuel_round_altar,
          nicolae_overflow_hidden_temple, uniq_prince_ribbit1
Temple:   nicolae_temple_great_sept

Skill      XL: |  1  2  3  4  5  6  7 |
---------------+----------------------+-----
Transmutations | 2 3 |  3.2
Spellcasting   | 5 |  5.8
Invocations    | 1 2 3 |  3.1
Fighting       | 1 2 |  2.8
Short Blades   | 1 2 |  2.8
Long Blades    | 1 2 |  2.8
Axes           | 1 2 |  2.8
Maces & Flails | 1 2 |  2.8
Polearms       | 1 2 |  2.8
Staves         | 1 2 |  2.8
Slings         | 1 2 |  2.8
Bows           | 1 2 |  2.8
Crossbows      | 1 2 |  2.8
Throwing       | 1 2 |  2.8
Armour         | 1 2 |  2.8
Shields        | 1 2 |  2.8
Unarmed Combat | 1 2 |  2.8
Evocations     | 1 2 |  2.8
Conjurations   | 1 2 |  2.3
Hexes          | 1 2 |  2.3
Summonings     | 1 2 |  2.3
Necromancy     | 1 2 |  2.3
Translocations | 1 2 |  2.3
Fire Magic     | 1 2 |  2.3
Ice Magic      | 1 2 |  2.3
Air Magic      | 1 2 |  2.3
Earth Magic    | 1 2 |  2.3
Dodging        | 5 |  5.4
Stealth        | 5 |  5.1
Poison Magic   | |  5.9

Action                   |  1- 3 |  4- 6 |  7- 9 || total
-------------------------+-------+-------+-------++-------
Melee: Spear             |     9 |       |       ||     9
       Staff             |     1 |       |       ||     1
       Flail             |       |    38 |       ||    38
       Whip              |       |     1 |    51 ||    52
       Bite              |       |     1 |    11 ||    12
       Great sword       |       |       |     1 ||     1
 Cast: Sting             |    18 |       |     2 ||    20
       Poisonous Vapours |     3 |    14 |    13 ||    30
       Olgreb's Toxic Ra |       |     2 |     5 ||     7
       Ignite Poison     |       |     1 |     1 ||     2
       Apportation       |       |       |    22 ||    22
Evoke: Wand              |       |     3 |       ||     3
  Use: Potion            |       |     3 |     7 ||    10
       Scroll            |       |     4 |     8 ||    12
 Stab: Sleeping          |       |     1 |     2 ||     3
Armor: Robe              |     3 |     3 |     5 ||    11
Dodge: Dodged            |    30 |    47 |    66 ||   143
       Rpst.: Great sword |       |       |     6 ||     6
